 Dungeon Crawl Stone Soup version 0.28.0 (webtiles) character file.

Game seed: 12619203639852725437

134 Hasart the Insei (level 5, -4/34 HPs)
             Began as an Octopode Transmuter on Feb 15, 2022.
             Slain by Grinder (6 damage)
             ... while paralysed by Grinder
             ... on level 3 of the Dungeon.
             The game lasted 00:02:52 (2733 turns).

Hasart the Insei (Octopode Transmuter)              Turns: 2733, Time: 00:02:52

Health: -4/34      AC:  2    Str:  9    XL:     5   Next: 17%
Magic:  3/8        EV:  5    Int: 17    God:
Gold:   67         SH:  0    Dex: 18    Spells: 3/9 levels left

rFire   . . .      SeeInvis .     - Unarmed
rCold   + . .      Faith    .   (shield currently unavailable)
rNeg    . . .      Spirit   .   (helmet currently unavailable)
rPois   x          Reflect  .   (no amulet)
rElec   .          Harm     .   b - ring of protection from cold
rCorr   .          Rampage  .   (no ring)
Will    .....                   (no ring)
Stlth   ++........              (no ring)
HPRegen 0.11/turn               (no ring)
MPRegen 0.11/turn               (no ring)
                                (no ring)
                                (no ring)

@: paralysed, spider-form (expiring)
A: venomous fangs, almost no armour, (amphibious), 8 rings, tiny, (camouflage
1), (gelatinous body 1), (nimble swimmer 1), (tentacles)
a: End Transformation


You were on level 3 of the Dungeon.
You were a venomous arachnid creature.
You visited 1 branch of the dungeon, and saw 3 of its levels.

You collected 67 gold pieces.

Inventory:

Missiles
 h - a throwing net
Jewellery
 b - a ring of protection from cold (left front leg)
Scrolls
 c - 3 scrolls of identify {unknown}
 g - a scroll of immolation {unknown}
Potions
 a - a potion of brilliance {unknown}
 d - a potion of berserk rage {unknown}
 f - a potion of attraction {unknown}


   Skills:
 + Level 1.9 Fighting
 + Level 2.7 Dodging
 * Level 4.0 Unarmed Combat
 + Level 2.6 Spellcasting
 + Level 2.6 Transmutations
 + Level 1.2 Poison Magic


You had 3 spell levels left.
You knew the following spells:

 Your Spells              Type           Power      Damage    Failure   Level
a - Beastly Appendage     Tmut           22%        N/A       17%         1
b - Wereblood             Tmut           11%        N/A       22%         2
c - Spider Form           Tmut/Pois      8%         N/A       45%         3

Your spell library contained the following spells:

 Spells                   Type           Power      Damage    Failure   Level
 Ice Form                 Ice/Tmut       6%         N/A       87%         4


Dungeon Overview and Level Annotations

Branches:
Dungeon (3/15)

Altars:

Shops:
D:1 *=?

Annotations:
D:3 Grinder


Innate Abilities, Weirdness & Mutations

You are a venomous arachnid creature.
You have poisonous fangs.
You are tiny and dextrous.
Your spellcasting is less reliable in this form.
Your armour is entirely melded.
You are incapable of wielding weapons or throwing items.
You cannot wear most types of armour.
((You are amphibious.))
You can wear up to eight rings at the same time.
((Your skin changes colour to match your surroundings (Stealth+).))
((Your rubbery body absorbs attacks. (AC +1, EV +1)))
((You are camouflaged when in or above water. (Stealth+)))
((You have tentacles for arms and can constrict up to eight enemies at once.))


Message History

The spell is quite dangerous to miscast (24% risk of failure)!
Continue anyway?
You miscast Spider Form.
You are very lightly contaminated with residual magic.
Nothing appears to happen.
Grinder gestures at you. You resist with significant effort.
Casting: Spider Form (quite dangerous; 24% risk of failure)
Confirm with . or Enter, or press ? or * to list all spells.
The spell is quite dangerous to miscast (24% risk of failure)!
Continue anyway?
You turn into a venomous arachnid creature.
Grinder gestures at you. You resist with significant effort.
A kobold comes into view.
It is wielding a +0 dagger of protection.
Found a short sword.
The kobold shouts!
You hit Grinder.
Grinder is lightly wounded.
Grinder hits you.
You writhe in agony.
You hit Grinder.
Grinder is lightly wounded.
Grinder gestures at you.
You suddenly lose the ability to move!
Your transformation is almost over.
Grinder hits you!
You writhe in agony.
* * * LOW HITPOINT WARNING * * *
The kobold hits you with a +0 dagger of protection.
* * * LOW HITPOINT WARNING * * *
Grinder gestures at you.
You shrug off the repeated paralysis!
The kobold hits you but does no damage. Grinder barely misses you.
Your magical contamination has completely faded away.
The kobold hits you with a +0 dagger of protection.
* * * LOW HITPOINT WARNING * * *
Grinder gestures at you.
You shrug off the repeated paralysis!
The kobold hits you with a +0 dagger of protection.
* * * LOW HITPOINT WARNING * * *
Grinder barely misses you. The kobold barely misses you. Grinder hits you.
You die...

############
#..........#
#....[.....#
#..........######
#...>............
#..........####"#
#.####.........#.#.#.#
#...5s...........†<...
......K..........#.#.#.#
......>..##..####.......
.........##.## ##.#.#.#
............############
................##
.........##......##
).................######
....................


You could see Grinder and a kobold.

Vanquished Creatures
  A bullfrog zombie (D:3)
  An iguana (D:2)
  2 adders
  2 worms
  A dart slug (D:3)
  An orc (D:3)
  2 endoplasms (D:1)
  5 giant cockroaches
  3 goblins
  4 hobgoblins
  3 quokkas
  3 ball pythons
  6 bats
  3 frilled lizards
  6 kobolds
  7 rats
50 creatures vanquished.

Notes
Turn   | Place    | Note
-------+----------+-------------------------------------------
     0 | D:1      | Hasart the Octopode Transmuter began the quest for the Orb.
     0 | D:1      | Reached XP level 1. HP: 13/13 MP: 3/3
    40 | D:1      | Found Zosiug's Magic Scroll Emporium.
   113 | D:1      | Found Paexofesch's Jewellery Boutique.
   394 | D:1      | Reached XP level 2. HP: 18/18 MP: 5/5
   397 | D:1      | Learned a level 2 spell: Wereblood
   579 | D:1      | Found Vadwephi's Assorted Antiques.
   899 | D:1      | Found a faded altar of an unknown god.
  1078 | D:1      | Reached XP level 3. HP: 23/23 MP: 6/6
  1094 | D:1      | Learned a level 3 spell: Spider Form
  1601 | D:2      | Reached XP level 4. HP: 21/28 MP: 7/7
  2398 | D:3      | Reached skill level 1 in Poison Magic
  2457 | D:3      | Reached skill level 4 in Unarmed Combat
  2457 | D:3      | Reached XP level 5. HP: 9/34 MP: 8/8
  2717 | D:3      | Noticed Grinder
  2717 | D:3      | Paralysed by Grinder for 4 turns
  2727 | D:3      | Paralysed by Grinder for 6 turns
  2732 | D:3      | HP: 1/34 [kobold (3)]
  2733 | D:3      | Slain by Grinder

Illustrated notes

Levels and vault maps discovered:
D:1:      psy_arrival_wood_between_worlds, layout_basic, serial_shops, shop,
          nicolae_shop_advertising_works [nicolae_subvault_shop_adworks],
          nicolae_square_shop, basic_ecumenical_altar, minmay_misc_feat_tower
D:2:      layout_basic
D:3:      layout_rooms, st_stairs_13, uniq_grinder

Skill      XL: |  1  2  3  4 |
---------------+-------------+-----
Poison Magic   | 1 |  1.2
Unarmed Combat | 4 |  4.0
Fighting       | |  1.9
Dodging        | |  2.7
Spellcasting   | |  2.6
Transmutations | |  2.6

Action                   |  1- 3 |  4- 6 || total
-------------------------+-------+-------++-------
Melee: Unarmed           |    71 |    45 ||   116
       Constrict         |    16 |     8 ||    24
       Tentacles         |     9 |     7 ||    16
       Punch             |     1 |     2 ||     3
 Cast: Spider Form       |     1 |     3 ||     4
 Stab: Sleeping          |     4 |     3 ||     7
Armor: Skin              |     2 |     5 ||     7
Dodge: Dodged            |    34 |    23 ||    57
